Map: Acid Plant LE

Players

Lagace

  • Race: Zerg Zerg
  • League: Diamond
  • Spawn Location: 5:00

BobbyAwesome - Winner!

  • Race: Protoss Protoss
  • League: Diamond
  • Spawn Location: 11:00

VOD

Have the link to the VOD?

Description

Time

  • Played on: May 13, 2018, 5:37 a.m.
  • Length: 8:04
Show
View Real Time Build Order
Export as new Build Order

Lagace Zerg 

Build Orders: Hatch First 

Get SALT Encoding   

  12  0:01  Drone  
  13  0:12  Overlord  
  13  0:17  Drone  
  14  0:30  Drone x2  
  16  0:36  Drone  
  17  0:55  Hatchery  
  16  0:57  Drone  
  17  1:06  Extractor  
  16  1:12  Spawning Pool  
  16  1:14  Drone  
  16  1:17  Drone  
  17  1:21  Drone  
  18  1:30  Drone  
  19  1:39  Overlord  
  19  1:59  Drone  
  20  2:03  Queen  
  20  2:05  Drone  
  20  2:08  Queen  
  25  2:09  Drone  
  26  2:17  Spine Crawler  
  26  2:19  Spine Crawler  
  26  2:21  Zergling x2  
  25  2:24  Zergling x2  
  25  2:28  Zergling x2  
  27  2:34  Overlord  
  27  2:40  Metabolic Boost  
  27  2:43  Drone  
  28  2:49  Overlord  
  28  2:58  Drone  
  28  2:59  Drone x2  
  28  3:04  Overlord  
  31  3:07  Zergling x2  
  31  3:12  Zergling x2  
  32  3:28  Zergling x2  
  32  3:29  Zergling x12  
  38  3:40  Baneling Nest, Zergling x4  
  39  3:46  Overlord  
  39  3:50  Zergling x2  
  40  3:59  Zergling x8  
  39  4:19  Zergling x6  
  39  4:20  Zergling x4  
  37  4:32  Zergling x4  
  37  4:34  Drone x3  
  37  4:35  Drone  
  37  4:36  Lair  
  43  4:39  Drone  
  43  4:40  Extractor  
  43  4:41  Extractor  
  43  4:44  Drone  
  43  4:49  Pneumatized Carapace  
  43  4:50  Drone  
  44  4:54  Drone  
  45  5:03  Baneling  
  45  5:04  Baneling x5  
  46  5:07  Drone x5  
  46  5:12  Extractor  
  49  5:16  Roach Warren  
  40  5:33  Drone x3  
  40  5:34  Drone x2  
  41  5:40  Drone x3  
  41  5:41  Hydralisk Den  
  41  5:42  Drone  
  44  5:50  Overlord  
  44  5:51  Overlord  
  44  5:57  Roach  
  44  6:03  Overlord  
  46  6:08  Overlord x2  
  46  6:11  Hydralisk x3  
  46  6:17  Overseer  
  52  6:18  Hydralisk  
  52  6:19  Hydralisk  
  52  6:23  Drone  
  57  6:25  Drone  
  57  6:31  Drone x2  
  60  6:36  Lurker Den  
  60  6:38  Drone  
  60  6:48  Hydralisk  
  60  6:49  Hydralisk x2  
  60  6:53  Hydralisk  
  68  7:05  Hydralisk x3  
  72  7:19  Hydralisk Den  
Show
View Real Time Build Order
Export as new Build Order

BobbyAwesome Protoss - Winner!

Build Orders:  

Get SALT Encoding   

  12  0:01  Probe  
  13  0:13  Pylon  
  13  0:20  Assimilator  
  13  0:33  Probe  
  13  0:35  Gateway  
  13  0:41  Probe  
  15  0:51  Probe  
  16  1:03  Probe  
  17  1:08  Gateway  
  17  1:15  Probe  
  18  1:22  Cybernetics Core  
  18  1:27  Probe  
  18  1:30  Zealot  
  21  1:37  Pylon  
  22  1:40  Probe  
  22  1:49  Stalker  
  22  1:51  Stalker  
  22  2:00  Warp Gate  
  26  2:15  Assimilator  
  26  2:20  Stalker  
  26  2:22  Zealot  
  30  2:28  Pylon, Probe  
  31  2:45  Gateway  
  31  2:46  Probe  
  32  2:52  Zealot  
  32  2:56  Stalker  
  36  3:17  Gateway  
  36  3:37  Robotics Facility  
  36  3:44  Sentry  
  36  3:46  Probe  
  39  4:04  Pylon  
  39  4:14  Sentry  
  35  4:29  Warp Prism  
  36  4:38  Adept  
  38  4:51  Pylon  
  38  4:52  Pylon  
  38  4:57  Gateway  
  38  5:02  Probe  
  39  5:10  Sentry x4  
  47  5:15  Probe  
  48  5:37  Pylon  
  48  5:47  Stalker x3  
  54  5:59  Pylon  
  54  6:12  Stalker x4  
  62  6:27  Nexus  
  62  6:45  Sentry x2  
  62  6:46  Adept  
  64  7:10  Stalker x3  
Tags
 
Add a new tag
Caveats
  • Supply blocks, unpowered buildings, or Contaminate may cause inaccurate times.
  • Supply counts are checked every 10 seconds.